Map: [ESL] Babylon

Players

trigger

  • Race: Protoss Protoss
  • League: Grandmaster
  • Spawn Location: 5:00

SKillous - Winner!

  • Race: Protoss Protoss
  • League: Grandmaster
  • Spawn Location: 11:00

Event: HomeStory Cup XXIII

VOD

Have the link to the VOD?

Description

Time

  • Played on: June 30, 2023, 12:46 p.m.
  • Length: 8:40

All games in this series

Show
View Real Time Build Order
Export as new Build Order

trigger Protoss 

Build Orders: Blink Stalkers 

Get SALT Encoding   

  12  0:00  Probe  
  13  0:12  Probe  
  14  0:17  Pylon  
  14  0:24  Probe (Chrono Boost)  
  16  0:36  Probe (Chrono Boost)  
  16  0:38  Gateway  
  16  0:43  Probe (Chrono Boost)  
  16  0:46  Assimilator  
  17  0:50  Probe  
  18  1:00  Assimilator  
  18  1:03  Probe (Chrono Boost)  
  19  1:08  Gateway  
  19  1:13  Probe (Chrono Boost)  
  20  1:18  Probe  
  20  1:25  Cybernetics Core  
  21  1:31  Probe  
  22  1:35  Pylon  
  22  1:43  Probe  
  23  1:55  Probe  
  24  2:01  Adept x2, Warp Gate  
  28  2:08  Pylon  
  28  2:10  Probe  
  29  2:22  Probe  
  30  2:31  Stalker x2  
  34  2:48  Twilight Council  
  34  2:50  Shield Battery  
  34  2:59  Probe  
  35  3:14  Nexus, Probe  
  35  3:19  Blink (Chrono Boost)  
  34  3:27  Probe  
  35  3:39  Probe, Pylon  
  36  3:49  Stalker  
  36  3:52  Probe  
  39  3:57  Stalker  
  41  4:04  Probe  
  42  4:15  Forge, Sentry  
  42  4:16  Probe (Chrono Boost)  
  45  4:26  Stalker  
  45  4:28  Phoenix, Probe (Chrono Boost)  
  45  4:30  Probe (Chrono Boost)  
  49  4:37  Probe x2 (Chrono Boost)  
  51  4:38  Stalker  
  51  4:43  Probe, Protoss Ground Weapons Level 1 (Chrono Boost)  
  51  4:44  Probe  
  55  4:51  Stalker  
  55  4:52  Pylon  
  57  4:57  Probe  
  57  4:59  Probe  
  59  5:05  Gateway, Stalker  
  61  5:09  Pylon  
  61  5:15  Stalker  
  63  5:27  Nexus  
  63  5:30  Stalker  
  63  5:31  Charge (Chrono Boost)  
  65  5:37  Pylon  
  65  5:48  Stalker  
  65  5:49  Probe  
  64  5:52  Gateway  
  64  5:53  Gateway  
  64  5:57  Stalker  
  64  6:00  Shield Battery  
  64  6:01  Probe x2  
  68  6:13  Probe  
  68  6:17  Pylon  
  69  6:22  Stalker x3  
  69  6:24  Robotics Facility  
  76  6:26  Probe (Chrono Boost)  
  76  6:28  Probe (Chrono Boost)  
  77  6:38  Probe (Chrono Boost)  
  80  6:40  Probe (Chrono Boost)  
  80  6:42  Probe (Chrono Boost)  
  80  6:44  Shield Battery  
  80  6:48  Probe  
  80  6:49  Zealot x3  
  89  6:56  Zealot  
  89  6:59  Zealot  
  89  7:00  Probe  
  88  7:10  Zealot x3  
  91  7:26  Immortal (Chrono Boost)  
  83  7:40  Probe x2, Pylon  
  68  7:50  Pylon  
  53  7:59  Zealot x2  
  44  8:06  Zealot  
  44  8:09  Probe x2  
  44  8:10  Probe  
  30  8:21  Stalker  
  30  8:22  Zealot  
Show
View Real Time Build Order
Export as new Build Order

SKillous Protoss - Winner!

Build Orders: 1 Gate Expand 

Get SALT Encoding   

  12  0:00  Probe  
  13  0:12  Probe  
  14  0:19  Pylon  
  14  0:24  Probe  
  15  0:37  Gateway  
  15  0:38  Probe (Chrono Boost)  
  16  0:47  Probe (Chrono Boost)  
  17  0:52  Probe (Chrono Boost)  
  18  1:10  Probe  
  19  1:21  Assimilator  
  19  1:22  Probe  
  20  1:27  Cybernetics Core  
  20  1:34  Probe  
  20  1:37  Nexus  
  21  1:43  Pylon  
  21  1:46  Probe  
  22  1:51  Assimilator  
  22  1:58  Probe  
  23  2:01  Adept (Chrono Boost)  
  25  2:10  Probe  
  25  2:14  Warp Gate  
  26  2:22  Stalker (Chrono Boost)  
  26  2:23  Probe  
  29  2:35  Probe  
  30  2:38  Shield Battery  
  30  2:47  Probe  
  30  2:49  Stalker  
  34  2:59  Pylon  
  34  3:00  Gateway  
  31  3:07  Probe x2  
  32  3:13  Robotics Facility  
  32  3:19  Probe, Sentry (Chrono Boost)  
  34  3:20  Probe  
  36  3:27  Gateway  
  36  3:31  Probe  
  36  3:33  Probe  
  38  3:37  Sentry  
  40  3:41  Pylon  
  40  3:44  Probe  
  40  3:45  Probe  
  42  3:56  Probe  
  42  3:57  Probe  
  44  4:04  Immortal (Chrono Boost)  
  44  4:08  Probe, Stalker x2  
  53  4:12  Pylon  
  53  4:16  Pylon  
  53  4:18  Probe  
  54  4:24  Assimilator  
  55  4:31  Twilight Council  
  55  4:32  Probe (Chrono Boost)  
  55  4:35  Probe (Chrono Boost), Pylon  
  55  4:36  Assimilator  
  58  4:46  Probe (Chrono Boost)  
  58  4:47  Probe (Chrono Boost)  
  58  4:49  Immortal  
  62  4:54  Probe  
  62  4:55  Pylon  
  62  4:56  Stalker  
  62  4:57  Blink (Chrono Boost)  
  65  5:00  Probe  
  65  5:02  Stalker  
  68  5:17  Gateway  
  68  5:18  Stalker  
  70  5:22  Probe  
  70  5:24  Stalker  
  70  5:28  Pylon  
  73  5:33  Warp Prism (Chrono Boost)  
  71  5:50  Nexus  
  71  5:55  Pylon, Sentry  
  71  5:56  Sentry  
  75  5:59  Stalker  
  75  6:04  Observer  
  78  6:14  Stalker  
  80  6:18  Gateway  
  80  6:19  Gateway  
  80  6:20  Stalker  
  80  6:23  Stalker  
  84  6:29  Stalker  
  87  6:33  Pylon, Observer  
  83  6:44  Stalker x2  
  87  6:47  Stalker  
  87  6:52  Pylon  
  89  6:54  Stalker  
  89  6:57  Gateway  
  90  7:08  Stalker x2  
  90  7:13  Stalker x3  
  89  7:23  Stalker  
  81  7:47  Stalker x6  
  81  7:49  Probe  
  90  7:51  Probe  
  89  8:01  Probe  
  89  8:03  Probe  
  87  8:12  Stalker x2  
  77  8:21  Stalker  
  77  8:25  Stalker  
Tags
 
Add a new tag
Caveats
  • Supply blocks, unpowered buildings, or Contaminate may cause inaccurate times.
  • Supply counts are checked every 10 seconds.